 Dungeon Crawl Stone Soup version 0.27-a0-1290-g15d3ce7508 (webtiles) character file.

Game seed: 5665402576261614084

236 Johnny the Magician (level 5, -4/32 HPs)
             Began as a Deep Elf Earth Elementalist on June 15, 2021.
             Killed by nerve-wracking pain
             ... invoked by an orc priest
              (10 damage)
             ... on level 4 of the Dungeon.
             The game lasted 00:02:31 (3092 turns).

Johnny the Magician (Deep Elf Earth Elementalist)   Turns: 3092, Time: 00:02:32

Health: -4/32      AC:  2    Str:  5    XL:     5   Next: 77%
Magic:  3/14       EV: 12    Int: 21    God:
Gold:   216        SH:  0    Dex: 15    Spells: 9/13 levels left

rFire    . . .     SeeInvis .   e - +0 short sword
rCold    . . .     Faith    .   (no shield)
rNeg     . . .     Spirit   .   c - +0 robe
rPois    .         Reflect  .   (no helmet)
rElec    .         Harm     .   (no cloak)
rCorr    .         Rampage  .   (no gloves)
Will     .....                  (no boots)
Stlth    ++........             (no amulet)
HPRegen  0.10/turn              (no ring)
MPRegen  0.14/turn              (no ring)

@: very slightly contaminated
A: no striking features
a: no special abilities


You were on level 4 of the Dungeon.
You visited 1 branch of the dungeon, and saw 4 of its levels.

You collected 216 gold pieces.

Inventory:

Hand Weapons
 e - a +0 short sword (weapon)
Missiles
 b - 27 stones
Armour
 c - a +0 robe (worn)
Jewellery
 j - an amulet of guardian spirit
Scrolls
 d - 2 scrolls of teleportation {unknown}
 g - 3 scrolls of identify {unknown}
 h - a scroll of fear {unknown}
Potions
 a - 2 potions of mutation {unknown}
 f - a potion of heal wounds {unknown}
 i - 2 potions of attraction {unknown}


   Skills:
 * Level 3.2 Fighting
 - Level 2.4 Dodging
 - Level 2.4 Stealth
 + Level 4.8 Spellcasting
 - Level 1.1 Transmutations
 + Level 4.5 Earth Magic


You had 9 spell levels left.
You knew the following spells:

 Your Spells              Type           Power      Damage    Failure   Level
a - Sandblast             Erth           48%        2d12      1%          1
b - Stone Arrow           Conj/Erth      28%        3d8       13%         3

Your spell library contained the following spells:

 Spells                   Type           Power      Damage    Failure   Level
 Passwall                 Tmut/Erth      13%        N/A       5%          2
 Petrify                  Tmut/Erth      16%        N/A       34%         4
 Lee's Rapid Deconstruct  Erth           12%        3d9*      43%         5


Dungeon Overview and Level Annotations

Branches:
Dungeon (4/15)
 Temple: D:4-7

Altars:

Shops:
D:4 (

Annotations:
D:2 Terence


Message History

Confirm with . or Enter, or press ? or * to list all spells.
Aiming: Sandblast (safe; 1% risk of failure)
Press: ? - help, Shift-Dir - straight line, f/p - orc priest
Aim: an orc priest, wielding a +0 club and wearing a +0 ring mail (lightly wounded, 83% to hit)
The blast of sand misses the orc priest.
Casting: Sandblast (safe; 1% risk of failure)
Confirm with . or Enter, or press ? or * to list all spells.
Aiming: Sandblast (safe; 1% risk of failure)
Press: ? - help, Shift-Dir - straight line, f/p - orc priest
Aim: an orc priest, wielding a +0 club and wearing a +0 ring mail (lightly wounded, 83% to hit)
The blast of sand hits the orc priest!
The orc priest is severely wounded.
The orc priest calls down the wrath of Beogh upon you.
Pain shoots through your body!
* * * LOW HITPOINT WARNING * * *
Casting: Sandblast (safe; 1% risk of failure)
Confirm with . or Enter, or press ? or * to list all spells.
Aiming: Sandblast (safe; 1% risk of failure)
Press: ? - help, Shift-Dir - straight line, f/p - orc priest
Aim: an orc priest, wielding a +0 club and wearing a +0 ring mail (severely wounded, 83% to hit)
The blast of sand misses the orc priest.
Casting: Sandblast (safe; 1% risk of failure)
Confirm with . or Enter, or press ? or * to list all spells.
Aiming: Sandblast (safe; 1% risk of failure)
Press: ? - help, Shift-Dir - straight line, f/p - orc priest
Aim: an orc priest, wielding a +0 club and wearing a +0 ring mail (severely wounded, 83% to hit)
You miscast Sandblast.
You are very lightly contaminated with residual magic.
Nothing appears to happen.
The orc priest hits you with a +0 club.
* * * LOW HITPOINT WARNING * * *
Casting: Sandblast (safe; 1% risk of failure)
Confirm with . or Enter, or press ? or * to list all spells.
Aiming: Sandblast (safe; 1% risk of failure)
Press: ? - help, Shift-Dir - straight line, f/p - orc priest
Aim: an orc priest, wielding a +0 club and wearing a +0 ring mail (severely wounded, 83% to hit)
The blast of sand hits the orc priest but does no damage.
The orc priest is severely wounded.
The orc priest invokes the aid of Beogh against you.
Pain shoots through your body!
You die...

#......... #..o..#
#.<.o.####. #..........
#.......... ##### #######
#.........#
#.....#.....###.#........
.......<.....##.#..o.....
............@.#)##.....##
.............o#.........#
........................#
..............#.........#
..............#..#.....##∩#
...S.........#)..##...## .#
#..........>...)......###8##
####..###.##.#....#......
##. #.##.#..###....####


You could see an orc priest.

Vanquished Creatures
  A scorpion (D:3)
  A hound (D:4)
  Jessica (D:3)
  A hound skeleton (D:4)
  3 gnolls (D:4)
  An adder (D:4)
  An adder skeleton (D:4)
  A worm (D:3)
  A dart slug (D:2)
  7 orcs
  2 ball pythons (D:2)
  3 bats
  3 endoplasms
  3 giant cockroaches
  4 hobgoblins
  2 jackals (D:1)
  8 kobolds
  A quokka (D:3)
  3 frilled lizards
  3 goblins
  3 rats (D:1)
53 creatures vanquished.

Notes
Turn   | Place    | Note
-------+----------+-------------------------------------------
     0 | D:1      | Johnny the Deep Elf Earth Elementalist began the quest for
                  | the Orb.
     0 | D:1      | Reached XP level 1. HP: 10/10 MP: 6/6
   124 | D:1      | Reached XP level 2. HP: 16/16 MP: 5/8
   220 | D:1      | Reached skill level 1 in Fighting
   799 | D:2      | Noticed Terence
   935 | D:2      | Reached XP level 3. HP: 9/20 MP: 5/10
  1350 | D:3      | Found a faded altar of an unknown god.
  1914 | D:3      | Noticed Jessica
  1918 | D:3      | Killed Jessica
  1919 | D:3      | Reached XP level 4. HP: 26/26 MP: 9/12
  1969 | D:3      | Noticed a scorpion
  1981 | D:3      | Killed a scorpion
  2274 | D:3      | Reached XP level 5. HP: 30/31 MP: 13/13
  2692 | D:4      | Noticed a necrophage
  3022 | D:4      | Found Vegustov's Weapon Shop.
  3040 | D:4      | Learned a level 3 spell: Stone Arrow
  3092 | D:4      | Killed from afar by an orc priest

Illustrated notes

Levels and vault maps discovered:
D:1:      enne_arrival_octagon_isle, layout_loops_ring, st_stairs_14
D:2:      layout_basic, uniq_terence
D:3:      layout_loops_ring, basic_ecumenical_altar, minmay_misc_feat_enclosed,
          uniq_jessica
D:4:      layout_rooms, serial_shops, shop_statue

Skill      XL: |  1  2  3  4  5 |
---------------+----------------+-----
Fighting       | 1 2 3 |  3.2
Spellcasting   | 4 |  4.8
Earth Magic    | 4 |  4.5
Dodging        | |  2.4
Stealth        | |  2.4
Transmutations | |  1.1

Action                   |  1- 3 |  4- 6 || total
-------------------------+-------+-------++-------
Melee: Unarmed           |     2 |       ||     2
       Short sword       |    34 |     4 ||    38
 Cast: Sandblast         |    45 |    41 ||    86
 Stab: Sleeping          |     3 |       ||     3
Armor: Robe              |     5 |     4 ||     9
Dodge: Dodged            |    31 |    13 ||    44

Table legend: (Time is in decaauts)
 A = Elapsed time spent in this place.
 B = Non-inter-level travel time spent in this place.
 C = Inter-level travel time spent in this place.
 D = Time resting spent in this place.
 E = Time spent auto-exploring this place.
 F = Levels seen in this place.
 G = Mean time per level.
                   A        B        C        D        E       F      G
               +--------+--------+--------+--------+--------+-----+--------+
         Total |   3098 |   2962 |    136 |    626 |   1978 |   4 |  774.5 |
       Dungeon |   3098 |   2962 |    136 |    626 |   1978 |   4 |  774.5 |
               +--------+--------+--------+--------+--------+-----+--------+

Top non-repeatable levels by time:
     D:3: 1420 daAuts
     D:1: 842 daAuts
     D:2: 496 daAuts
     D:4: 339 daAuts
